 Dungeon Crawl Stone Soup version 0.20-a0-925-g2efaa84 (webtiles) character file.

385 AlphabetPasta the Grave Robber (level 6, 0/35 HPs)
             Began as a Tengu Necromancer on Mar 28, 2017.
             Slain by a gnoll
             ... wielding a +0 flail
              (8 damage)
             ... on level 4 of the Dungeon.
             The game lasted 00:17:56 (4080 turns).

AlphabetPasta the Grave Robber (Tengu Necromancer)  Turns: 4080, Time: 00:17:58

Health: 0/35       AC:  4    Str: 15    XL:     6   Next: 77%
Magic:  11/11      EV: 13    Int: 16    God:
Gold:   231        SH:  0    Dex: 14    Spells: 3/11 levels left

rFire    . . .     SeeInvis .   n - +2 hand axe (vamp)
rCold    . . .     Gourm    .   (no shield)
rNeg     . . .     Faith    .   p - +1 leather armour
rPois    .         Spirit   .   (helmet restricted)
rElec    .         Reflect  .   (no cloak)
rCorr    .         Harm     +   (no gloves)
MR       .....                  (boots unavailable)
Stlth    ++........             o - amulet of harm
Regen    0.2/turn               (no ring)
MPRegen  0.2/turn               (no ring)

@: mighty
A: beak, talons 3, able to fly 1
a: Fly


You were on level 4 of the Dungeon.
You were not hungry.

You visited 1 branch of the dungeon, and saw 4 of its levels.

You collected 231 gold pieces.

Inventory:

Hand Weapons
 g - a +0 club
 m - a +0 flail
 n - a +2 vampiric hand axe (weapon)
Missiles
 s - 3 javelins of penetration (quivered)
Armour
 a - a +0 robe
 p - a +1 leather armour (worn)
Jewellery
 o - an amulet of harm (around neck)
Wands
 l - a wand of confusion (25/48)
 q - a wand of random effects (22/48)
Scrolls
 d - 2 scrolls of teleportation
 e - 2 scrolls of recharging
 f - 2 scrolls of identify
 i - a scroll of enchant armour
 r - a scroll of remove curse
 y - a scroll of amnesia {unknown}
Potions
 h - 3 potions of brilliance
 j - a potion of cancellation
 t - a potion of magic {unknown}
 u - a potion of flight {unknown}
 w - a potion of curing
Books
 b - a book of Necromancy

   Spells                             Type                      Level
   a - Pain                           Necromancy                   1
   b - Animate Skeleton               Necromancy                   1
   c - Vampiric Draining              Necromancy                   3
   d - Regeneration                   Charms/Necromancy            3
   e - Animate Dead                   Necromancy                   4
   f - Control Undead                 Necromancy                   4
Comestibles
 c - a bread ration
 v - a royal jelly
 x - 2 chunks of flesh


   Skills:
 + Level 2.2 Fighting
 * Level 1.4 Axes
 + Level 2.5 Armour
 + Level 3.8 Dodging
 - Level 2.0 Stealth
 + Level 3.0 Spellcasting
 * Level 5.9 Necromancy


You had 3 spell levels left.
You knew the following spells:

 Your Spells              Type           Power        Failure   Level  Hunger
a - Pain                  Necr           ###.         1%          1    #......
b - Animate Skeleton      Necr           N/A          1%          1    #......
c - Vampiric Draining     Necr           ###.......   8%          3    ###....
d - Regeneration          Chrm/Necr      ##........   21%         3    ###....


Dungeon Overview and Level Annotations

Branches:
Dungeon (4/15)
 Temple: D:4-7

Altars:
Xom


Innate Abilities, Weirdness & Mutations

You have a beak for a mouth.
You have claws for feet.
You can fly.


Message History

An adder and 4 gnolls come into view.
The gnoll shouts! x3
The gnoll hits you. The gnoll barely misses you.
Found a runed cloak.
There is a stone staircase leading up here.
Unknown command.
You hit the gnoll. You claw the gnoll, but do no damage.
You peck the gnoll, but do no damage.
The gnoll is lightly wounded.
You hit the gnoll but do no damage. You hit the gnoll. The gnoll hits you!
The gnoll closely misses you. The gnoll hits you with a flail.
Unknown command.
Okay, then.
You feel very mighty all of a sudden. The gnoll hits you with a club!
* * * LOW HITPOINT WARNING * * *
The gnoll hits you.
* * * LOW HITPOINT WARNING * * *
The gnoll barely misses you. The gnoll hits you with a flail!
You die...

# .# .. .# ..
.##. .#. ..
###.#
##.###gg.#.##
.....Sg@.[..#
##.##.g####....
#.# # #. #


You could see 4 gnolls and an adder.

Vanquished Creatures
  An ogre (D:4)
  An orc priest (D:3)
  A bullfrog skeleton (D:4)
  2 orc wizards (D:3)
  A worker ant (D:4)
  A gnoll (D:1)
  3 adders (D:2)
  5 oozes
  6 worms
  A dart slug (D:4)
  3 leopard geckos
  9 orcs (D:3)
  3 giant cockroaches
  16 goblins
  11 hobgoblins
  4 jackals (D:1)
  2 kobolds
  2 quokkas
  A ball python (D:1)
  7 bats
  3 frilled lizards
  3 rats
86 creatures vanquished.

Notes
Turn   | Place    | Note
-------+----------+-------------------------------------------
     0 | D:1      | AlphabetPasta the Tengu Necromancer began the quest for the Orb.
     0 | D:1      | Reached XP level 1. HP: 10/10 MP: 4/4
   169 | D:1      | Reached XP level 2. HP: 9/16 MP: 1/6
   172 | D:1      | Learned a level 1 spell: Animate Skeleton
   782 | D:1      | Reached skill level 1 in Fighting
   782 | D:1      | Reached XP level 3. HP: 14/20 MP: 1/7
  1095 | D:1      | Learned a level 3 spell: Vampiric Draining
  1276 | D:2      | Reached skill level 1 in Armour
  1276 | D:2      | Reached skill level 5 in Necromancy
  1582 | D:2      | Reached XP level 4. HP: 24/25 MP: 6/8
  1712 | D:2      | HP: 1/25 [leopard gecko (1)]
  2019 | D:2      | Learned a level 3 spell: Regeneration
  2457 | D:2      | Gained mutation: You can fly. [Tengu growth]
  2457 | D:2      | Reached XP level 5. HP: 22/29 MP: 5/9
  3486 | D:3      | Found a radiant altar of Vehumet.
  3488 | D:3      | Found a shimmering altar of Xom.
  3488 | D:3      | Found a hazy altar of Hepliaklqana.
  3490 | D:3      | Found an ancient bone altar of Kikubaaqudgha.
  3490 | D:3      | Found a deep blue altar of Sif Muna.
  3490 | D:3      | Found a shimmering altar of Xom.
  3547 | D:3      | Reached XP level 6. HP: 35/35 MP: 8/11
  3948 | D:4      | Reached skill level 1 in Axes
  4080 | D:4      | Slain by a gnoll

Vault maps used:
D:1:      matt_arrival_los_fun
D:2:      cheibrodos_greedy_goblins, first_bread
D:3:      doesnt_xom_only_xom
D:4:      uniq_blork_the_orc

Skill      XL: |  1  2  3  4  5  6 |
---------------+-------------------+-----
Fighting       | 1 2 |  2.2
Armour         | 1 2 |  2.5
Necromancy     | 5 |  5.9
Dodging        | 3 |  3.8
Axes           | 1 |  1.4
Spellcasting   | 3 |  3.0
Stealth        | |  2.0

Action                   |  1- 3 |  4- 6 || total
-------------------------+-------+-------++-------
Melee: Peck              |     3 |    20 ||    23
       Unarmed           |     1 |       ||     1
       Flail             |    13 |    60 ||    73
       Kick              |       |    26 ||    26
       Hand axe          |       |    63 ||    63
Throw: Javelin           |       |     4 ||     4
 Cast: Pain              |    46 |    55 ||   101
       Vampiric Draining |       |     3 ||     3
Evoke: Wand              |       |     1 ||     1
  Use: Scroll            |     6 |     1 ||     7
       Potion            |       |     3 ||     3
 Stab: Sleeping          |     2 |     4 ||     6
  Eat: Chunk             |     3 |     2 ||     5
       Meat ration       |       |     1 ||     1
       Bread ration      |       |     1 ||     1
       Royal jelly       |       |     1 ||     1
Armor: Leather armour    |     2 |    23 ||    25
Dodge: Dodged            |     7 |    82 ||    89
